[Event "Seniors-LEM-65 Sachsen-Anhalt 2024"]
[Site "Magdeburg"]
[Date "2024.07.04"]
[Round "4.24"]
[White "Gehrmann, Rudolf-Rainer"]
[Black "Dehning-Busse, Karsten"]
[Result "1-0"]
[ECO "A21"]
[WhiteElo "1980"]
[BlackElo "1867"]
[Annotator "NA RC"]
[PlyCount "93"]
[EventDate "2024.06.25"]
[EventType "swiss"]
[EventCountry "GER"]
[SourceTitle "playchess.com"]
[Source "ChessBase"]
[SourceQuality "1"]
[TimeControl "40/5400+30:1800+30"]

1. c4 d6 2. g3 e5 3. Bg2 f5 4. d3 Nf6 5. Nc3 c6 6. e4 Be7 7. Nge2 O-O {[%emt 0:01:04] A21: English Opening: 1...e5 2 Nc3.} 8. O-O fxe4 9. dxe4 Be6 10. b3 Qd7 (10... a6 $142) 11. Ba3 Bh3 12. Qd2 Bxg2 13. Kxg2 c5 14. Rad1 b6 15. Nd5 Na6 16. Nxe7+ Qxe7 17. Qxd6 Qxd6 18. Rxd6 Nxe4 19. Rd5 Nf6 20. Rxe5 Rad8 21. Nc3 Rd2 22. Re2 Rxe2 23. Nxe2 Rd8 24. Nc3 Rd2 {[%emt 0:00:56] [#]} 25. Rd1 $16 ({Much less strong is} 25. Bc1 Rd3 26. Nb5 Nb4) 25... Rc2 26. Rc1 Rd2 27. Kf3 Nc7 28. Ke3 Rd8 29. f3 Re8+ 30. Ne4 Kf7 31. Rd1 Kg6 32. Bb2 b5 33. Rd6 bxc4 34. bxc4 Ne6 35. Rc6 Ng5 36. Bxf6 Nxe4 37. fxe4 gxf6 38. Rxc5 Re7 39. Ra5 Rc7 40. c5 f5 41. exf5+ Kxf5 42. c6+ Ke6 43. Rc5 Kd6 44. Kd4 Ke6 45. Re5+ Kd6 46. Rd5+ Ke6 47. Kc5 1-0

[Event "Seniors-LEM-65 Sachsen-Anhalt 2024"]
[Site "Magdeburg"]
[Date "2024.07.04"]
[Round "4.25"]
[White "Zechel, Rolf-Ruediger"]
[Black "Grassmann, Heinz"]
[Result "1-0"]
[ECO "D05"]
[WhiteElo "1870"]
[BlackElo "1972"]
[Annotator "NA RC"]
[PlyCount "48"]
[EventDate "2024.06.25"]
[EventType "swiss"]
[EventCountry "GER"]
[SourceTitle "playchess.com"]
[Source "ChessBase"]
[SourceQuality "1"]
[TimeControl "40/5400+30:1800+30"]

1. d4 d5 2. Nf3 Nf6 3. e3 e6 4. Nbd2 Be7 5. Bd3 b6 6. Ne5 Bb7 7. O-O O-O 8. f4 c5 {[%emt 0:01:46] D05: Colle System with ...e6.} 9. c3 Nbd7 10. Qf3 Bd6 11. b3 a5 12. Bb2 a4 13. Rab1 axb3 14. axb3 Ra2 15. g4 g6 16. g5 Bxe5 17. fxe5 Ne4 18. Bxe4 Qxg5+ 19. Kh1 (19. Qg3 $17 {is a better defense.} Qxg3+ 20. hxg3 dxe4 21. Nc4) 19... dxe4 20. Nxe4 $19 (20. Qh3) 20... Qh4 21. Nf6+ Nxf6 22. Qxb7 Ng4 23. Qg2 Nxe3 24. Qf2 Nxf1 1-0

[Event "Seniors-LEM-65 Sachsen-Anhalt 2024"]
[Site "Magdeburg"]
[Date "2024.07.04"]
[Round "4.26"]
[White "Boettcher, Frank"]
[Black "Mikolajewski, Armin"]
[Result "1/2-1/2"]
[ECO "D55"]
[WhiteElo "1848"]
[BlackElo "1961"]
[Annotator "RC"]
[PlyCount "33"]
[EventDate "2024.06.25"]
[EventType "swiss"]
[EventCountry "GER"]
[SourceTitle "playchess.com"]
[Source "ChessBase"]
[SourceQuality "1"]
[TimeControl "40/5400+30:1800+30"]

1. d4 Nf6 2. Nf3 d5 3. c4 e6 4. Bg5 Be7 5. Nc3 c6 6. e3 h6 7. Bxf6 Bxf6 8. Bd3 Nd7 9. O-O O-O 10. Rc1 Re8 11. Qb3 Nb6 12. c5 Nd7 13. e4 e5 14. exd5 exd4 15. Ne2 cxd5 16. Nexd4 Ne5 17. Nxe5 1/2-1/2

[Event "Seniors-LEM-65 Sachsen-Anhalt 2024"]
[Site "Magdeburg"]
[Date "2024.07.04"]
[Round "4.27"]
[White "Roth, Heinz Georg"]
[Black "Hess, Juergen"]
[Result "0-1"]
[ECO "C47"]
[WhiteElo "1830"]
[BlackElo "1958"]
[Annotator "NA RC"]
[PlyCount "38"]
[EventDate "2024.06.25"]
[EventType "swiss"]
[EventCountry "GER"]
[SourceTitle "playchess.com"]
[Source "ChessBase"]
[SourceQuality "1"]
[TimeControl "40/5400+30:1800+30"]

1. e4 e5 2. Nf3 Nc6 3. Nc3 Nf6 4. d4 exd4 5. Nd5 Nb4 6. Nxf6+ Qxf6 7. Bc4 d5 8. exd5 Bg4 9. a3 Bxf3 10. gxf3 Qe5+ 11. Kf1 $17 (11. Kd2 $1 $11 {remains equal.} Qg5+ (11... Nxd5 $2 {perishes.} 12. Re1 $18) 12. Ke1 Qe5+ 13. Kd2 Qg5+ 14. Ke2 Qe5+ 15. Kd2) 11... Nxd5 12. Kg2 (12. f4 Qe6 $15) 12... O-O-O 13. Re1 Qh5 14. Bxd5 Qxd5 15. Bf4 Bd6 16. Bg3 h5 17. Re4 c5 18. Qe2 f5 19. Re6 f4 0-1

[Event "Seniors-LEM-65 Sachsen-Anhalt 2024"]
[Site "Magdeburg"]
[Date "2024.07.04"]
[Round "4.28"]
[White "Lehr, Thomas"]
[Black "Kluever, Horst"]
[Result "1-0"]
[ECO "C45"]
[WhiteElo "1954"]
[BlackElo "1850"]
[Annotator "NA RC"]
[PlyCount "91"]
[EventDate "2024.06.25"]
[EventType "swiss"]
[EventCountry "GER"]
[SourceTitle "playchess.com"]
[Source "ChessBase"]
[SourceQuality "1"]
[TimeControl "40/5400+30:1800+30"]

1. e4 e5 2. Nf3 Nc6 3. d4 exd4 4. Nxd4 Ne5 5. f4 Ng6 6. Bc4 d6 $16 (6... d5 $1 $11 {keeps the balance.} 7. Bxd5 Nf6) 7. Nc3 Bd7 8. Qd3 Qf6 9. Nd5 Qd8 10. Qb3 c6 11. Nc3 Nh6 12. a4 Qb6 13. Nce2 Qxb3 14. Bxb3 Be7 15. O-O O-O-O 16. h3 Rhe8 17. Ng3 Bf6 18. c3 c5 19. Nb5 Bxb5 20. axb5 Kb8 21. Ra4 Ne7 22. Nh5 Nc8 23. Nxf6 gxf6 24. Bc2 Nb6 25. Ra1 Ng8 26. b3 Ne7 27. c4 Nec8 28. Bb2 Nd7 29. Rad1 Kc7 30. e5 h5 31. exf6 Re2 32. Rf2 Rde8 33. Kf1 Rxf2+ 34. Kxf2 Rh8 35. Kf3 Rh6 36. Bf5 Ncb6 37. Re1 Rh8 38. Re7 Rf8 39. Bc3 Kd8 40. Ba5 Nxf6 41. Rxb7 Ke8 42. Rxa7 Nbd7 43. Bxd7+ Nxd7 44. Ra8+ Ke7 45. Rxf8 Kxf8 46. Bc7 1-0

[Event "Seniors-LEM-65 Sachsen-Anhalt 2024"]
[Site "Magdeburg"]
[Date "2024.07.04"]
[Round "4.28"]
[White "Lehr, Thomas"]
[Black "Kluever, Horst"]
[Result "*"]
[ECO "C45"]
[WhiteElo "1954"]
[BlackElo "1850"]
[Annotator "NA RC"]
[PlyCount "28"]
[EventDate "2024.06.25"]
[EventType "swiss"]
[EventCountry "GER"]
[SourceTitle "playchess.com"]
[Source "ChessBase"]
[SourceQuality "1"]
[TimeControl "40/5400+30:1800+30"]

1. e4 e5 2. Nf3 Nc6 3. d4 exd4 4. Nxd4 Ne5 5. f4 Ng6 6. Bc4 d6 $16 (6... d5 $1 $11 {keeps the balance.} 7. Bxd5 Nf6) 7. Nc3 Bd7 8. Qd3 Qf6 9. Nd5 Qd8 10. Qb3 c6 11. Nc3 Nh6 12. a4 Qb6 13. Nce2 Qb5 14. Qb4 Qxb4+ *

[Event "Seniors-LEM-65 Sachsen-Anhalt 2024"]
[Site "Magdeburg"]
[Date "2024.07.04"]
[Round "4.29"]
[White "Schwis, Joachim"]
[Black "Kramell, Ralph Friedrich Kurt"]
[Result "1-0"]
[ECO "E07"]
[WhiteElo "1950"]
[BlackElo "1824"]
[Annotator "NA RC"]
[PlyCount "59"]
[EventDate "2024.06.25"]
[EventType "swiss"]
[EventCountry "GER"]
[SourceTitle "playchess.com"]
[Source "ChessBase"]
[SourceQuality "1"]
[TimeControl "40/5400+30:1800+30"]

1. c4 e6 2. Nf3 Nf6 3. g3 d5 4. b3 Be7 5. Bg2 c6 6. O-O O-O 7. Bb2 Nbd7 8. d4 c5 9. e3 dxc4 10. bxc4 Rb8 11. Nc3 b6 12. Re1 Bb7 13. d5 exd5 14. cxd5 Ne8 $16 15. e4 Nd6 16. Bf1 f6 17. Nd2 a6 18. a4 Rf7 19. f4 Qf8 20. Bh3 Bc8 21. Be6 Kh8 22. Qe2 Bd8 23. e5 fxe5 24. fxe5 Nxe5 25. Nce4 Nf3+ 26. Nxf3 Rxf3 27. Nxd6 Bxe6 28. dxe6 Be7 29. Nf7+ Kg8 30. Qxf3 1-0

[Event "Seniors-LEM-65 Sachsen-Anhalt 2024"]
[Site "Magdeburg"]
[Date "2024.07.04"]
[Round "4.30"]
[White "Jacob, Barbara"]
[Black "Krien, Hartmut"]
[Result "0-1"]
[ECO "D04"]
[WhiteElo "1824"]
[BlackElo "1928"]
[Annotator "NA RC"]
[PlyCount "48"]
[EventDate "2024.06.25"]
[EventType "swiss"]
[EventCountry "GER"]
[SourceTitle "playchess.com"]
[Source "ChessBase"]
[SourceQuality "1"]
[TimeControl "40/5400+30:1800+30"]

1. b3 Nf6 2. Bb2 g6 3. e3 Bg7 4. d4 O-O 5. Nf3 d5 6. Be2 c5 7. O-O b6 8. Nbd2 cxd4 9. exd4 Nc6 10. c3 Bb7 11. Re1 Rc8 12. Bd3 Nd7 13. Ba3 Re8 14. Rc1 e5 15. dxe5 Ndxe5 16. Nxe5 Rxe5 17. Nf3 $11 Re6 18. Qd2 Ne5 19. Nxe5 Bxe5 20. g3 Qf6 21. Bb2 d4 22. f4 dxc3 23. Bxc3 Bxc3 24. Rxe6 fxe6 0-1